 Dungeon Crawl Stone Soup version 0.22-a0-159-g7ce444f (webtiles) character file.

252 Azzok the Skirmisher (level 6, 0/44 HPs)
             Began as a Gargoyle Berserker on Feb 9, 2018.
             Was a Believer of Trog.
             Slain by Dowan
             ... wielding a +3 dagger of venom
              (2 damage)
             ... on level 4 of the Dungeon.
             The game lasted 00:04:33 (2740 turns).

Azzok the Skirmisher (Gargoyle Berserker)           Turns: 2740, Time: 00:04:34

Health: 0/44       AC: 17    Str: 23    XL:     6   Next: 13%
Magic:  6/6        EV:  7    Int:  7    God:    Trog [**....]
Gold:   86         SH:  0    Dex:  9    Spells: 5/5 levels left

rFire    . . .     SeeInvis .   a - +0 falchion
rCold    . . .     Gourm    .   (no shield)
rNeg     + . .     Faith    .   g - +0 plate armour
rPois    ∞         Spirit   .   d - +0 helmet
rElec    +         Reflect  .   j - +0 cloak
rCorr    +         Harm     .   (no gloves)
MR       .....                  (no boots)
Stlth    ..........             (no amulet)
HPRegen  0.14/turn              n - ring of resist corrosion
MPRegen  0.10/turn              (no ring)

@: berserk cooldown, slowed, very slow
A: negative energy resistance 1, electricity resistance, unbreathing,
petrification resistance, rot immunity, AC +4
a: Berserk, Trog's Hand, Burn Spellbooks, Renounce Religion


You were on level 4 of the Dungeon.
You worshipped Trog.
Trog was pleased with you.
You were hungry.

You visited 1 branch of the dungeon, and saw 4 of its levels.

You collected 86 gold pieces.

Inventory:

Hand Weapons
 a - a +0 falchion (weapon)
Missiles
 b - 21 arrows
Armour
 d - a +0 helmet (worn)
 g - a +0 plate armour (worn)
 h - a scarf of resistance
 j - a +0 cloak (worn)
Jewellery
 n - a ring of resist corrosion (left hand)
Scrolls
 e - 2 scrolls of remove curse {unknown}
 i - 3 scrolls of identify {unknown}
 k - a scroll of teleportation {unknown}
 p - a scroll of enchant weapon {unknown}
Potions
 f - 2 potions of berserk rage {unknown}
 l - 2 potions of curing {unknown}
 m - a potion of degeneration {unknown}
 o - a potion of haste
Comestibles
 c - 6 rations
 q - a chunk of flesh


   Skills:
 * Level 7.3 Fighting
 - Level 2.6 Long Blades
 - Level 2.1 Armour
 - Level 1.5 Dodging


You had 5 spell levels left.
You didn't know any spells.

Dungeon Overview and Level Annotations

Branches:
Dungeon (4/15)
 Temple: D:4-7

Altars:

Shops:
D:4 }

Annotations:
D:4 Dowan


Innate Abilities, Weirdness & Mutations

You are resistant to torment.
Your stone body is resilient. (AC +4)
You are immune to poison.
You resist negative energy. (rN+)
You are resistant to electric shocks. (rElec)
You can survive without breathing.
You are immune to petrification.
You are immune to rotting.


Message History

Dowan points at you and mumbles some strange words.
The shard of ice hits you!
Ouch! That really hurt!
Dowan hits you but does no damage.
You barely miss Dowan.
Dowan is lightly wounded.
Dowan hits you but does no damage.
Dowan says, "Her death will not be in vain!"
Dowan gestures at you while chanting. The stone arrow hits you!
* * * LOW HITPOINT WARNING * * *
You slash Dowan!
Dowan is heavily wounded.
Dowan hits you but does no damage. x2
Dowan casts a spell at you. The stone arrow misses you.
You barely miss Dowan.
Dowan is heavily wounded.
Dowan hits you but does no damage. Dowan hits you with a dagger of venom.
You die...

·····▒▒··▒▒▒·
············
···········
▒··········
▒········
▒▒······
▒▒··▒e∩▒
▒···▒@▒
▒··)··▒
▒··▒)▒▒
▒▒··▒·▒
▒<··▒·▒
▒·▒·▒·▒
·······
········▒
·········▒


You could see Dowan.

Vanquished Creatures
  Duvessa (D:4)
  A crimson imp (D:3)
  5 adders
  2 oozes
  A worm (D:3)
  A dart slug (D:1)
  2 leopard geckos
  3 giant cockroaches
  8 goblins
  6 hobgoblins
  A quokka (D:2)
  A ball python (D:2)
  6 bats
  2 frilled lizards
  10 kobolds
  9 rats
59 creatures vanquished.

Notes
Turn   | Place    | Note
-------+----------+-------------------------------------------
     0 | D:1      | Azzok the Gargoyle Berserker began the quest for the Orb.
     0 | D:1      | Reached XP level 1. HP: 14/14 MP: 1/1
    41 | D:1      | Reached XP level 2. HP: 12/20 MP: 2/2
   198 | D:1      | Reached skill level 4 in Fighting
   701 | D:1      | Reached XP level 3. HP: 24/24 MP: 3/3
  1282 | D:2      | Reached skill level 5 in Fighting
  1336 | D:2      | Reached ** piety under Trog
  1537 | D:2      | Reached XP level 4. HP: 28/31 MP: 4/4
  2222 | D:3      | Reached skill level 6 in Fighting
  2527 | D:3      | Reached XP level 5. HP: 33/37 MP: 5/5
  2703 | D:4      | Found Woxuig's Gadget Boutique.
  2707 | D:4      | Noticed Duvessa
  2707 | D:4      | Noticed Dowan
  2724 | D:4      | Killed Duvessa
  2724 | D:4      | Reached skill level 7 in Fighting
  2724 | D:4      | Reached XP level 6. HP: 44/44 MP: 6/6
  2738 | D:4      | HP: 2/44 [Dowan/stone arrow (16)]
  2740 | D:4      | Slain by Dowan

Vault maps used:
D:1:      minmay_arrival_floating_metal
D:2:      kennysheep_crisscross, due_unseen_surprise
D:4:      serial_shops, shop, uniq_duvessa

Skill      XL: |  1  2  3  4  5 |
---------------+----------------+-----
Fighting       | 4 5 6 7 |  7.3
Long Blades    | |  2.6
Armour         | |  2.1
Dodging        | |  1.5

Action                   |  1- 3 |  4- 6 || total
-------------------------+-------+-------++-------
Melee: Falchion          |   110 |   162 ||   272
Invok: Berserk           |     1 |     1 ||     2
 Stab: Sleeping          |     1 |       ||     1
  Eat: Ration            |     1 |       ||     1
       Chunk             |       |     4 ||     4
Armor: Animal skin       |    11 |       ||    11
       Plate armour      |    59 |   129 ||   188
Dodge: Dodged            |    54 |    50 ||   104
       Rpst.: Falchion   |    17 |    15 ||    32

Table legend:
 A = Spawn XP
 B = Non-spawn XP
 C = Spawn XP percentage of total XP
 D = Spawn monster count
 E = Non-spawn monster count
 F = Spawn count percentage of total count
 G = Total turns spent on level
                    A         B        C        D         E        F      G
               +---------+---------+-------+---------+---------+-------+---------
         Total |       0 |     360 |   0.0 |       0 |      59 |   0.0 |  2740
               +---------+---------+-------+---------+---------+-------+---------
           D:1 |       0 |      39 |   0.0 |       0 |      21 |   0.0 |  1155
           D:2 |       0 |      93 |   0.0 |       0 |      26 |   0.0 |   837
           D:3 |       0 |      83 |   0.0 |       0 |      11 |   0.0 |   711
           D:4 |       0 |     145 |   0.0 |       0 |       1 |   0.0 |    37
               +---------+---------+-------+---------+---------+-------+---------
